 Dungeon Crawl Stone Soup version 0.27-a0-1158-gaa87e14f67 (webtiles) character file.

Game seed: 7712464096168963914

171 avis the Chopper (level 5, -2/48 HPs)
             Began as a Hill Orc Monk on May 15, 2021.
             Was a Believer of Beogh.
             Hit by a boomerang thrown by an orc warrior (8 damage)
             ... on level 4 of the Dungeon.
             The game lasted 00:16:09 (3558 turns).

avis the Chopper (Hill Orc Monk)                    Turns: 3558, Time: 00:16:10

Health: -2/48      AC:  8    Str: 15    XL:     5   Next: 51%
Magic:  5/5        EV:  6    Int: 10    God:    Beogh [**....]
Gold:   38         SH:  0    Dex: 13    Spells: 4/4 levels left

rFire    . . .     SeeInvis .   a - +2 dagger (protect)
rCold    . . .     Faith    .   (no shield)
rNeg     . . .     Spirit   .   p - +0 chain mail
rPois    .         Reflect  .   (no helmet)
rElec    .         Harm     .   (no cloak)
rCorr    .         Rampage  .   (no gloves)
Will     .....                  (no boots)
Stlth    ..........             (no amulet)
HPRegen  0.16/turn              (no ring)
MPRegen  0.09/turn              (no ring)

@: no status effects
A: no striking features
a: Renounce Religion, Smiting


You were on level 4 of the Dungeon.
You worshipped Beogh.
Beogh was pleased with you.
You visited 1 branch of the dungeon, and saw 4 of its levels.

You collected 109 gold pieces.
You spent 71 gold pieces at shops.

Inventory:

Hand Weapons
 a - a +2 dagger of protection (weapon)
 b - a +0 hunting sling
 q - a +0 hand axe
 u - a +1 dagger of venom
Missiles
 c - 4 datura-tipped darts (quivered)
 e - 35 stones
 g - 80 sling bullets
 m - 2 silver javelins
 n - 46 bolts
 r - 22 arrows
Armour
 h - a +0 robe
 p - a +0 chain mail (worn)
Magical Staves
 d - a staff of air
Jewellery
 t - a ring of ice
Scrolls
 f - 2 scrolls of noise {unknown}
 l - a scroll of holy word {unknown}
 o - 2 scrolls of vulnerability {unknown}
 s - a scroll of teleportation {unknown}
Potions
 i - a potion of brilliance
 j - a potion of degeneration {unknown}
 v - a potion of curing {unknown}


   Skills:
 + Level 5.1 Fighting
 * Level 6.9 Axes
 - Level 2.4 Dodging
 - Level 1.5 Stealth


You had 4 spell levels left.
You didn't know any spells.
Your spell library contained the following spells:

 Spells                   Type           Power      Damage    Failure   Level
 Summon Small Mammal      Summ           0%         N/A       100%        1
 Call Imp                 Summ           0%         N/A       100%        2
 Call Canine Familiar     Summ           0%         N/A       100%        3
 Summon Guardian Golem    Hex/Summ       0%         N/A       100%        3
 Summon Ice Beast         Ice/Summ       0%         N/A       100%        4
 Summon Lightning Spire   Summ/Air       0%         N/A       100%        4


Dungeon Overview and Level Annotations

Branches:
Dungeon (4/15)
 Temple: D:4-7

Altars:

Shops:
D:2 *


Message History

Your +2 dagger of protection hums with potential!
a - a +2 dagger of protection (weapon)
Something hits the orc priest but does no damage.
You hit the orc warrior but do no damage.
Your weapon exudes an aura of protection.
The orc warrior barely misses you.
You hit the orc warrior.
The orc warrior is lightly wounded.
The orc warrior hits you with a +0 dire flail!
Your chain mail prevents you from hitting the orc warrior.
The orc warrior is lightly wounded.
The orc warrior hits you but does no damage.
Something hits the orc priest.
The orc priest hits the orc warrior with a +0 mace!
You hit the orc warrior but do no damage.
The orc warrior is moderately wounded.
The orc warrior hits you with a +0 dire flail!
Something hits the orc priest.
You hit the orc warrior but do no damage.
The orc warrior is moderately wounded.
The orc warrior hits you with a +0 dire flail!
* * * LOW HITPOINT WARNING * * *
Okay, then.
There is an open door here.
The orc warrior throws a boomerang.
The boomerang hits you but does no damage.
Throw: 6 darts (datura)
Press: ? - help, Q - select action, (/) - cycle Shift-Dir - straight line, f/p - orc warrior
Aim: an orc warrior, wielding a +0 dire flail, wearing a +0 plate armour and quivering boomerangs (moderately wounded, 59% to hit, chance to frenzy on hit: 61%)
You throw a datura-tipped dart.
The datura-tipped dart closely misses the orc warrior.
The orc warrior throws a boomerang.
The boomerang hits you!
* * * LOW HITPOINT WARNING * * *
Throw: 5 darts (datura)
Press: ? - help, Q - select action, (/) - cycle Shift-Dir - straight line, f/p - orc warrior
Aim: an orc warrior, wielding a +0 dire flail, wearing a +0 plate armour and quivering boomerangs (moderately wounded, 59% to hit, chance to frenzy on hit: 51%)
You throw a datura-tipped dart.
The datura-tipped dart barely misses the orc warrior.
The orc warrior throws a boomerang.
The boomerang hits you!
You die...

......? ....#.....o. ...#.......
. #..+....... ...
#########..#....(.(####....
.......#..########.(...... #
......#...#.....'....#### #..
#...##...#..o..#....#
#...##...##...'@....#....#
+............##.....#....# ### #.
#.....†.############# #.. #..
#...##..........# #..
##...##...##..........# #..
..........######......# #..
####+##...##).##.....##########..
#.......##.....##........## #.
######..##'######...#....#.


You could see an orc warrior.

Vanquished Creatures
  A phantom (D:4)
  Jessica (D:3)
  A white imp (D:2)
  2 worms
  2 dart slugs
  An orc (D:3)
  2 ball pythons
  5 endoplasms
  4 giant cockroaches
  8 goblins
  3 hobgoblins
  3 jackals (D:1)
  A kobold (D:3)
  A quokka (D:4)
  8 bats
  8 rats
51 creatures vanquished.

Notes
Turn   | Place    | Note
-------+----------+-------------------------------------------
     0 | D:1      | avis the Hill Orc Monk began the quest for the Orb.
     0 | D:1      | Reached XP level 1. HP: 19/19 MP: 1/1
    76 | D:1      | Reached XP level 2. HP: 23/27 MP: 2/2
   752 | D:1      | Reached skill level 5 in Axes
   855 | D:1      | Upgraded the game from 0.27-a0-1154-gfdeffcb720 to
                  | 0.27-a0-1158-gaa87e14f67
   936 | D:1      | Reached XP level 3. HP: 33/33 MP: 3/3
  1279 | D:2      | Found a faded altar of an unknown god.
  1376 | D:2      | Found Ozockuc's General Store.
  1388 | D:2      | Bought a scroll of identify for 22 gold pieces
  1922 | D:2      | Bought a +0 chain mail for 49 gold pieces
  2459 | D:3      | Reached XP level 4. HP: 41/41 MP: 4/4
  2475 | D:3      | Noticed Jessica
  2506 | D:3      | Killed Jessica
  2507 | D:3      | Reached skill level 6 in Axes
  3260 | D:4      | Noticed a phantom
  3293 | D:4      | Killed a phantom
  3294 | D:4      | Reached skill level 5 in Fighting
  3294 | D:4      | Reached XP level 5. HP: 21/48 MP: 5/5
  3539 | D:4      | Noticed an orc warrior
  3541 | D:4      | Became a worshipper of Beogh the Brigand
  3541 | D:4      | Reached * piety under Beogh
  3541 | D:4      | Reached ** piety under Beogh
  3558 | D:4      | Hit by a boomerang thrown by an orc warrior

Illustrated notes

Levels and vault maps discovered:
D:1:      eino_arrival_water_star, layout_basic
D:2:      layout_basic, shapermc_ecumenical_altar_mp_urbaneastern, serial_shops,
          nicolae_shop_statue_plus
D:3:      layout_loops_ring, uniq_jessica
D:4:      layout_gridville, uniq_blork_the_orc

Skill      XL: |  1  2  3  4 |
---------------+-------------+-----
Fighting       | 4 5 |  5.1
Axes           | 5 6 |  6.9
Dodging        | |  2.4
Stealth        | |  1.5

Action                   |  1- 3 |  4- 6 || total
-------------------------+-------+-------++-------
Melee: Hand axe          |    97 |       ||    97
       Dagger            |    13 |    27 ||    40
       Unarmed           |       |    13 ||    13
 Fire: Hunting sling     |    42 |    47 ||    89
Throw: Javelin           |       |     2 ||     2
       Dart              |       |     4 ||     4
Invok: Convert to Beogh  |       |     1 ||     1
  Use: Scroll            |       |     2 ||     2
       Potion            |       |     1 ||     1
 Stab: Sleeping          |     5 |       ||     5
Armor: Robe              |    21 |       ||    21
       Chain mail        |    14 |    32 ||    46
       Skin              |       |     5 ||     5
Dodge: Dodged            |    62 |    21 ||    83

Table legend: (Time is in decaauts)
 A = Elapsed time spent in this place.
 B = Non-inter-level travel time spent in this place.
 C = Inter-level travel time spent in this place.
 D = Time resting spent in this place.
 E = Time spent auto-exploring this place.
 F = Levels seen in this place.
 G = Mean time per level.
                   A        B        C        D        E       F      G
               +--------+--------+--------+--------+--------+-----+--------+
         Total |   3581 |   3177 |    404 |    656 |   1722 |   4 |  895.2 |
       Dungeon |   3581 |   3177 |    404 |    656 |   1722 |   4 |  895.2 |
               +--------+--------+--------+--------+--------+-----+--------+

Top non-repeatable levels by time:
     D:1: 1130 daAuts
     D:2: 1098 daAuts
     D:3: 1029 daAuts
     D:4: 323 daAuts
